 Dungeon Crawl Stone Soup version 0.28-a0-1387-g3a22ab9bdc (webtiles) character file.

Game seed: 8894933168859572818

12889 Deminshera the Carver (level 11, -4/99 HPs)
             Began as a White Draconian Berserker on Jan 2, 2022.
             Was a Priest of Trog.
             Slain by a death yak simulacrum (5 damage)
             ... in an ice cave.
             The game lasted 00:23:21 (15925 turns).

Deminshera the Carver (White Draconian Berserker)  Turns: 15925, Time: 00:23:21

Health: -4/99      AC: 12    Str: 23    XL:     11   Next: 68%
Magic:  11/11      EV: 15    Int:  6    God:    Trog [***...]
Gold:   456        SH:  0    Dex: 11    Spells: 10/10 levels left

rFire   + . .      SeeInvis .   a - +0 falchion
rCold   + + .      Faith    .   (no shield)
rNeg    . . .      Spirit   .   (armour unavailable)
rPois   +          Reflect  .   (helmet restricted)
rElec   +          Harm     .   q - scarf {shadows}
rCorr   +          Rampage  .   j - +2 pair of gloves
Will    .....                   s - +1 pair of boots
Stlth   +.........              (no amulet)
HPRegen 0.26/turn               (no ring)
MPRegen 0.12/turn               (no ring)

@: short of breath, resistant, on berserk cooldown, slowed, very slow
A: breathe frost, AC +7, unfitting armour, cold resistance 1, cold-blooded,
dopey 1, mutation resistance 1, electricity resistance
a: Breathe Frost, Renounce Religion, Berserk, Trog's Hand


You were in an ice cave.
You worshipped Trog.
Trog was most pleased with you.
You visited 1 branch of the dungeon, and saw 11 of its levels.
You also visited: Ice Cave.

You collected 456 gold pieces.

Inventory:

Hand Weapons
 a - a +0 falchion (weapon)
 w - the +8 Wrath of Trog {antimagic, *Rage Rampage}
   (You found it on level 6 of the Dungeon)

   It reduces the magical energy of the wielder, and disrupts the spells and
   magical abilities of those it strikes.
   Natural abilities and divine invocations are not affected.
   It causes slowness and exhaustion when equipped.
   It extends the wielder's berserk rage when killing foes.
   *Rage:     It berserks you when you make melee attacks (+50% chance).
   Rampage:   It bestows one free step when moving towards enemies.
 E - a +0 hand axe of flaming
Missiles
 A - a throwing net (quivered)
Armour
 j - a +2 pair of gloves (worn)
 q - a scarf of shadows (worn)
 s - a +1 pair of boots (worn)
Jewellery
 r - a ring of fire
 t - a ring of ice
Wands
 l - a wand of paralysis (8)
 m - a wand of polymorph (14)
 u - a wand of mindburst (12)
 x - a wand of charming (8)
 C - a wand of digging (11)
 D - a wand of flame (7)
 F - a wand of iceblast (5)
Scrolls
 d - 6 scrolls of teleportation
 g - a scroll of torment
 y - 3 scrolls of fear
 B - 2 scrolls of summoning
Potions
 c - 5 potions of curing
 f - a potion of mutation
 h - a potion of brilliance {unknown}
 i - a potion of resistance
 k - a potion of lignification {unknown}
 n - 2 potions of heal wounds {unknown}
 o - a potion of berserk rage {unknown}
 p - a potion of attraction {unknown}
 v - a potion of cancellation {unknown}


   Skills:
 - Level 10.0 Fighting
 + Level 12.7 Long Blades
 - Level 10.0 Dodging
 - Level 5.0 Evocations


You had 10 spell levels left.
You didn't know any spells.
Your spell library was empty.

Dungeon Overview and Level Annotations

Branches:
Dungeon (11/15)            Temple (0/1) D:7            Lair (0/6) D:9
    Orc (0/2) D:10          IceCv (1/1)

Altars:
Ashenzari
Hepliaklqana
Kikubaaqudgha
Nemelex Xobeh
Qazlal
Ru
Uskayaw
Vehumet
Beogh

Shops:
D:1 *   D:6 *   D:8 [


Innate Abilities, Weirdness & Mutations

You can breathe waves of freezing cold which knock back foes.
Your icy white scales are hard. (AC +7)
You cannot fit into any form of body armour.
Your flesh is cold resistant. (rC+)
You are cold-blooded and may be slowed by cold attacks.
You are dopey. (Int -2)
You are somewhat resistant to further mutation.
You are resistant to electric shocks. (rElec)


Message History

The naga simulacrum barely misses you. x2
You slash the naga simulacrum! You tail-slap the naga simulacrum.
The naga simulacrum vaporises!
Trog accepts your kill. The white imp gestures at you.
The puff of frost hits you but does no damage.
You hit the death yak simulacrum.
You tail-slap the death yak simulacrum, but do no damage.
The death yak simulacrum is lightly damaged.
The white imp closely misses you.
You hit the death yak simulacrum.
The death yak simulacrum is moderately damaged.
The death yak simulacrum gores you. The death yak simulacrum freezes you.
You resist. The white imp closely misses you.
You hit the death yak simulacrum. You tail-slap the death yak simulacrum.
The death yak simulacrum is heavily damaged.
The death yak simulacrum gores you! The death yak simulacrum freezes you!
You resist. The white imp gestures at you. The puff of frost misses you.
You are too injured to fight recklessly!
You are too injured to fight recklessly!
You are too injured to fight recklessly!
You are too injured to fight recklessly!
You hit the death yak simulacrum but do no damage.
You tail-slap the death yak simulacrum, but do no damage.
The death yak simulacrum is heavily damaged.
The white imp shouts, "Decamp, thou bawdy pigeon-egg blabberskite!"
The white imp closely misses you. The death yak simulacrum gores you.
The death yak simulacrum freezes you! You resist.
* * * LOW HITPOINT WARNING * * *
It was a potion of mutation.
You feel extremely strange.
You feel stupid.
You feel insulated.
You feel genetically stable. The white imp gestures at you.
The puff of frost hits you. You resist.
* * * LOW HITPOINT WARNING * * *
The death yak simulacrum gores you!!
* * * LOW HITPOINT WARNING * * *
The death yak simulacrum freezes you. You resist.
You die...

#...∩...#
##.....##
##...##
#...##
##...#
##...#
##...##
#...## #@Z##
##5Z## ##..#
#..# ....#
.......
..Z......
...Z.5.....
##..........


You could see a white imp, a death yak simulacrum and a troll simulacrum.

Vanquished Creatures
  A hydra (D:10)
  An ice dragon (D:11)
  2 two-headed ogres
  Nergalle (D:10)
  A gargoyle (D:10)
  An ice devil (IceCv)
  A troll (D:9)
  A vampire (D:10)
  6 yaks
  2 steam dragons
  The ghost of bezhaha the Conjurer, an amateur TeWz of Lugonu (D:3)
  3 water moccasins
  Duvessa (D:7)
  2 ice beasts
  2 sky beasts
  5 orc warriors
  A black bear (D:5)
  3 necrophages
  6 ogres
  6 centaurs
  3 wolves
  A phantom (D:6)
  A wyvern zombie (D:7)
  4 bullfrogs
  A gnoll sergeant (D:9)
  3 scorpions
  A cane toad simulacrum (IceCv)
  4 water moccasin zombies (D:6)
  A water moccasin skeleton (D:6)
  Dowan (D:7)
  12 killer bees
  4 electric eels (D:9)
  5 howler monkeys
  A centaur zombie (D:6)
  4 bullfrog zombies (D:6)
  A gnoll shaman (D:8)
  2 jellies
  3 bullfrog skeletons (D:6)
  9 orc priests
  6 hounds
  6 centaur skeletons
  4 iguanas
  13 orc wizards
  3 killer bee zombies
  A hound zombie (D:3)
  A howler monkey zombie (D:6)
  A howler monkey skeleton (D:6)
  7 adders
  16 gnolls
  A naga simulacrum (IceCv)
  3 white imps
  2 ufetubi
  An adder skeleton (D:5)
  3 worms
  8 dart slugs
  50 orcs
  7 bats
  6 endoplasms
  11 goblins
  10 hobgoblins
  3 jackals (D:1)
  9 kobolds
  7 quokkas
  9 ball pythons
  9 rats
  A spectral goblin (D:4)
306 creatures vanquished.

Vanquished Creatures (collateral kills)
  A manticore (D:6)
  The ghost of flestrin the Spear-Bearer, a novice MfGl (D:8)
  An acid dragon (D:10)
  A hornet zombie (D:6)
  A hound (D:6)
5 creatures vanquished.

Vanquished Creatures (others)
  The ghost of flestrin the Ogre Mage, a novice OgFE of Nemelex Xobeh (D:6)
  Psyche (D:10)
  2 polar bears (D:11)
  A centaur (D:10)
  An orc wizard (D:4)
  6 fungi (D:3)
  6 plants (D:3)
  2 withered plants (D:6)
20 creatures vanquished.

Grand Total: 331 creatures vanquished

Notes
Turn   | Place    | Note
-------+----------+-------------------------------------------
     0 | D:1      | Deminshera the Draconian Berserker began the quest for the
                  | Orb.
     0 | D:1      | Reached XP level 1. HP: 19/19 MP: 1/1
    77 | D:1      | Reached XP level 2. HP: 19/26 MP: 2/2
   428 | D:1      | Found Hoxkoc's General Store.
   879 | D:2      | Reached XP level 3. HP: 31/31 MP: 3/3
  1058 | D:2      | Reached skill level 4 in Long Blades
  1174 | D:2      | Reached ** piety under Trog
  1248 | D:2      | Reached XP level 4. HP: 40/40 MP: 4/4
  1673 | D:3      | Noticed a water moccasin
  1680 | D:3      | Killed a water moccasin
  1681 | D:3      | Reached skill level 5 in Long Blades
  1681 | D:3      | Reached XP level 5. HP: 47/47 MP: 5/5
  1700 | D:3      | Found a broken altar of Ashenzari.
  1905 | D:3      | Reached XP level 6. HP: 51/53 MP: 6/6
  2377 | D:3      | Found a faded altar of an unknown god.
  2496 | D:3      | Reached *** piety under Trog
  2834 | D:3      | Found a runed translucent door.
  3111 | D:3      | Found a sparkling altar of Nemelex Xobeh.
  3187 | D:3      | Noticed bezhaha's ghost (amateur TeWz)
  3219 | D:3      | Killed bezhaha's ghost
  3220 | D:3      | Reached skill level 5 in Fighting
  3220 | D:3      | Reached skill level 6 in Long Blades
  3220 | D:3      | Your scales start taking on an icy white colour.
  3220 | D:3      | Reached XP level 7. HP: 40/61 MP: 7/7
  3220 | D:3      | Gained mutation: Your flesh is cold resistant. (rC+) [White
                  | Draconian growth]
  3648 | D:4      | Found a hazy altar of Hepliaklqana.
  4086 | D:4      | Reached skill level 7 in Long Blades
  4389 | D:4      | Found a radiant altar of Vehumet.
  4464 | D:5      | Entered Level 5 of the Dungeon
  4759 | D:4      | Reached skill level 5 in Dodging
  4759 | D:4      | Reached XP level 8. HP: 63/70 MP: 8/8
  5306 | D:5      | Reached skill level 8 in Long Blades
  5657 | D:5      | Found a sacrificial altar of Ru.
  5710 | D:6      | Found Saupitoj's General Store.
  5847 | D:6      | Reached **** piety under Trog
  5982 | D:6      | Reached XP level 9. HP: 17/79 MP: 9/9
  5987 | D:6      | Reached skill level 9 in Long Blades
  6343 | D:6      | Found a transporter.
  6347 | D:6      | Noticed flestrin's ghost (novice OgFE)
  6348 | D:6      | Noticed a two-headed ogre
  6848 | D:6      | Found the +8 Wrath of Trog {antimagic, *Rage Rampage}
  7096 | D:6      | Reached skill level 1 in Evocations
  7194 | D:6      | Noticed a manticore
  7209 | D:6      | Killed a manticore
  7213 | D:6      | Reached skill level 5 in Evocations
  7832 | D:6      | Found a transporter.
  7842 | D:6      | Your ally flestrin's ghost died
  7846 | D:6      | Killed a two-headed ogre
  7847 | D:6      | Reached skill level 10 in Long Blades
  7847 | D:6      | Reached XP level 10. HP: 89/89 MP: 10/10
  8327 | D:7      | Noticed Duvessa
  8328 | D:7      | Noticed Dowan
  8346 | D:7      | Killed Duvessa
  8355 | D:7      | Killed Dowan
  8727 | D:7      | Found a hide-covered altar of Uskayaw.
  8727 | D:7      | Found an ancient bone altar of Kikubaaqudgha.
  9087 | D:7      | Found a staircase to the Ecumenical Temple.
 10173 | D:8      | Found Figg's Antique Armour Shoppe.
 10270 | D:8      | Found a runed translucent gate.
 10270 | D:8      | Found a runed translucent gate.
 10270 | D:8      | Found a runed translucent gate.
 10273 | D:8      | Noticed flestrin's ghost (novice MfGl)
 10278 | D:8      | Identified the +4 plate armour of Kuxziasa {rC+ Will+
                  | Int-5}
 11073 | D:8      | Killed flestrin's ghost
 11074 | D:8      | Reached skill level 10 in Fighting
 11432 | D:8      | Identified the +0 cloak of Focus {rN++}
 12169 | D:9      | Noticed a two-headed ogre
 12176 | D:9      | Killed a two-headed ogre
 12520 | D:9      | Reached XP level 11. HP: 99/99 MP: 11/11
 12660 | D:9      | Found a stormy altar of Qazlal.
 12786 | D:9      | Found a staircase to the Lair.
 12821 | D:9      | Reached skill level 10 in Dodging
 13254 | D:9      | Identified the +3 leather armour of Xarchagre {rPois Int+5}
 13815 | D:10     | Entered Level 10 of the Dungeon
 13901 | D:10     | Noticed Psyche
 13917 | D:10     | Killed Psyche
 14311 | D:10     | Found a staircase to the Orcish Mines.
 14440 | D:10     | Noticed Nergalle
 14458 | D:10     | Killed Nergalle
 14459 | D:10     | Reached skill level 11 in Long Blades
 14930 | D:10     | Noticed a five-headed hydra
 15008 | D:10     | Killed a two-headed hydra
 15683 | D:11     | Reached skill level 12 in Long Blades
 15688 | D:11     | Noticed an ice dragon
 15700 | D:11     | Found a frozen archway.
 15748 | D:11     | Killed an ice dragon
 15768 | IceCv    | Entered an ice cave
 15925 | IceCv    | Gained mutation: You are dopey. (Int -2) [potion of
                  | mutation]
 15925 | IceCv    | Gained mutation: You are resistant to electric shocks.
                  | (rElec) [potion of mutation]
 15925 | IceCv    | Gained mutation: You are somewhat resistant to further
                  | mutation. [potion of mutation]
 15925 | IceCv    | HP: 1/99 [death yak simulacrum (18)]
 15925 | IceCv    | Slain by a death yak simulacrum

Illustrated notes

Levels and vault maps discovered:
D:1:      nzn_arrival_water_spiral, layout_loops_ring, serial_shops,
          nicolae_shop_hallway_stairs, minivault_25, hangedman_decor_points
D:2:      minmay_chambers_of_ones, layout_rooms, minmay_cupped
D:3:      corexii_shack_village, layout_rooms, lemuel_tele_altar,
          nemelex_altar_shiori, ebering_ghost_reflecting_pool,
          dreamdust_ecumenical_altar_grove
D:4:      layout_layer_cave, nicolae_hepliaklqana_monster_ancestors,
          mainiacjoe_overflow_six_doors_small, kennysheep_small_spiral,
          minmay_manual_mares
D:5:      layout_rooms, nicolae_ru_path_of_blood
D:6:      wad_crossroads, layout_basic, serial_undead, serial_undead_f,
          serial_undead_e, serial_undead_f, serial_undead_e, serial_undead_b,
          serial_undead_a, gammafunk_ghost_smash, serial_shops, shop
D:7:      layout_basic, gammafunk_temple_overflow_pools,
          minmay_temple_entry_large_hall, patterned_corridor, uniq_duvessa
D:8:      layout_cave_pools, serial_shops, shop, biasface_ghost_orc_armoury,
          minmay_misc_feat_room, minmay_increasing_density
D:9:      layout_loops_corners, marbit_many_paths, erik_lair_island
D:10:     layout_loops_ring, orc_0_dummy, kennysheep_small_square, uniq_psyche,
          uniq_nergalle
D:11:     layout_loops_corners, portal_ice_cave_entry_animals_and_master,
          gammafunk_ghost_cemetery, kennysheep_slug_shrine
IceCv:    ice_cave_small_demon

Skill      XL: |  1  2  3  4  5  6  7  8  9 10 11 |
---------------+----------------------------------+-----
Dodging        | 3 4 5 6 7 9 10 | 10.0
Long Blades    | 4 5 6 7 8 10 12 | 12.7
Fighting       | 4 5 6 7 8 10 | 10.0
Evocations     | 5 |  5.0

Action                   |  1- 3 |  4- 6 |  7- 9 | 10-12 || total
-------------------------+-------+-------+-------+-------++-------
Melee: Falchion          |    98 |   199 |   418 |   660 ||  1375
       Tailslap          |    13 |    29 |    48 |   110 ||   200
       Hand axe          |       |       |       |     3 ||     3
Invok: Berserk           |     1 |     5 |     7 |    19 ||    32
       Trog's Hand       |       |     1 |     1 |     3 ||     5
       Brothers in Arms  |       |       |     1 |     1 ||     2
 Abil: Breathe Frost     |       |       |    28 |    19 ||    47
Evoke: Wand              |       |       |     2 |    20 ||    22
  Use: Scroll            |       |       |     6 |     9 ||    15
       Potion            |       |       |     3 |     2 ||     5
 Stab: Sleeping          |       |       |     4 |       ||     4
Armor: Skin              |    23 |    56 |   182 |   239 ||   500
Dodge: Dodged            |    76 |   117 |   319 |   455 ||   967

Table legend: (Time is in decaauts)
 A = Elapsed time spent in this place.
 B = Non-inter-level travel time spent in this place.
 C = Inter-level travel time spent in this place.
 D = Time resting spent in this place.
 E = Time spent auto-exploring this place.
 F = Levels seen in this place.
 G = Mean time per level.
                   A        B        C        D        E       F      G
               +--------+--------+--------+--------+--------+-----+--------+
         Total |  16004 |  15703 |    301 |   6807 |   6478 |  12 | 1333.7 |
       Dungeon |  15857 |  15556 |    301 |   6700 |   6469 |  11 | 1441.5 |
      Ice Cave |    147 |    147 |      0 |    107 |      9 |   1 |  147.0 |
               +--------+--------+--------+--------+--------+-----+--------+

Top non-repeatable levels by time:
     D:6: 2517 daAuts
     D:8: 2311 daAuts
     D:9: 1979 daAuts
    D:10: 1803 daAuts
     D:3: 1663 daAuts
     D:4: 1341 daAuts
     D:7: 1328 daAuts
     D:5: 1103 daAuts
     D:2: 866 daAuts
     D:1: 826 daAuts
   IceCv: 147 daAuts
    D:11: 115 daAuts
